 Dungeon Crawl Stone Soup version 0.30-a0-777-ga9a30cbeda (webtiles) character file.

Game seed: 15545140336135307377

8843 ders the Destroyer (level 11, -2/54 HPs)
             Began as a Gargoyle Earth Elementalist on Feb 13, 2023.
             Was a Believer of Vehumet.
             Slain by a cane toad (7 damage)
             ... on level 1 of the Lair of Beasts on Feb 14, 2023.
             The game lasted 00:16:07 (10811 turns).

ders the Destroyer (Gargoyle Earth Elementalist)   Turns: 10811, Time: 00:16:08

Health: -2/54      AC: 12    Str: 12    XL:     11   Next: 37%
Magic:  13/22      EV: 11    Int: 20    God:    Vehumet [**....]
Gold:   557        SH:  0    Dex: 10    Spells: 3/24 levels left

rFire   + . .      SeeInvis .    j - staff of fire
rCold   . . .      Faith    .    (no shield)
rNeg    + . .      Spirit   .    D - +0 robe {Will+}
rPois   ∞          Reflect  .    (no helmet)
rElec   +          Harm     .    (no cloak)
rCorr   .          Rampage  .    x - +0 pair of gloves
Will    +....                    v - +0 pair of boots
Stlth   ++                       g - amulet of magic regeneration
HPRegen 0.29/turn                y - ring of wizardry
MPRegen 0.58/turn                (no ring)

@: no status effects
A: sickness immunity, AC +8, negative energy resistance 1, electricity
resistance, torment resistance 1, petrification resistance
a: Renounce Religion


You were on level 1 of the Lair of Beasts.
You worshipped Vehumet.
Vehumet was pleased with you.
You visited 3 branches of the dungeon, and saw 11 of its levels.

You collected 557 gold pieces.

Inventory:

Hand Weapons
 w - a +2 vampiric whip
Armour
 a - a +0 robe
 v - a +0 pair of boots (worn)
 x - a +0 pair of gloves (worn)
 D - a +0 robe of willpower (worn)
Magical Staves
 j - a staff of fire (weapon)
Jewellery
 g - an amulet of magic regeneration (around neck)
 r - an amulet of guardian spirit
 y - a ring of wizardry (left hand)
 E - an amulet of regeneration
 F - a ring of fire
 G - a ring of fire
Wands
 d - a wand of polymorph (7)
 m - a wand of flame (16)
 o - a wand of roots (9)
 C - a wand of light (4)
Scrolls
 c - 2 scrolls of blinking
 f - 7 scrolls of fog
 k - 4 scrolls of teleportation
 q - 3 scrolls of amnesia
 A - a scroll of poison
 H - a scroll of identify
Potions
 b - a potion of magic
 e - 5 potions of heal wounds
 h - 5 potions of might
 i - a potion of degeneration {unknown}
 l - 2 potions of lignification {unknown}
 n - 10 potions of curing {unknown}
 p - 4 potions of flight {unknown}
 s - 2 potions of brilliance {unknown}
 t - 2 potions of resistance {unknown}
 u - a potion of mutation {unknown}
 z - 2 potions of haste {unknown}
 B - a potion of attraction {unknown}


   Skills:
 - Level 1.5 Dodging
 - Level 2.1 Stealth
 + Level 7.4 Spellcasting
 * Level 12.0 Conjurations
 - Level 4.5 Transmutations
 + Level 10.0 Earth Magic
 + Level 5.3 Poison Magic


You had 3 spell levels left.
You knew the following spells:

 Your Spells              Type           Power      Damage    Failure   Level
a - Sandblast             Erth           94%        2d19      1%          1
b - Stone Arrow           Conj/Erth      100%       3d13      1%          3
c - Passwall              Tmut/Erth      30%        N/A       1%          2
d - Blink                 Tloc           14%        N/A       6%          2
e - Olgreb's Toxic Radia  Pois           28%        N/A       4%          4
f - Lee's Rapid Deconstr  Erth           23%        3d13*     1%          5
g - Fulminant Prism       Conj/Hex       15%        3d10      3%          4

Your spell library contained the following spells:

 Spells                   Type           Power      Damage    Failure   Level
 Scorch                   Fire           22%        2d6       6%          2
 Momentum Strike          Conj/Tloc      62%        3d9       1%          2
 Lesser Beckoning         Tloc           14%        N/A       6%          2
 Kindle Blastsparks       Fire/Tloc/Air  22%        2d11      11%         3
 Petrify                  Tmut/Erth      36%        N/A       1%          4
 Iskenderun's Mystic Bla  Conj/Tloc      31%        2d8       3%          4
 Manifold Assault         Tloc           7%         N/A       32%         4
 Dispersal                Tloc           3%         N/A       99%         6
 Ozocubu's Refrigeration  Ice            3%         4d8       100%        7
 Disjunction              Tloc           3%         N/A       100%        8
 Ignition                 Fire           5%         3d4       100%        8


Dungeon Overview and Level Annotations

Branches:
Dungeon (8/15)             Temple (1/1) D:6            Lair (2/5) D:8
  Swamp: Lair:2-3    Shoals: Lair:2-3     Snake: Lair:2-3    Spider: Lair:2-3

Altars:
Cheibriados
Fedhas
Hepliaklqana
Kikubaaqudgha
Makhleb
Nemelex Xobeh
Okawaru
Qazlal
Ru
Sif Muna
Vehumet
Xom
Yredelemnul
Zin
The Shining One

Shops:
D:3 [   D:7 *   D:8 =[((

Annotations:
D:3 3 runed translucent doors, jimonade's ghost, amateur OgVM
D:4 Eustachio
D:7 exclusion: oklob plant
Lair:1 1 transporter, Qylualu's ghost, journeyman MiBe


Innate Abilities, Weirdness & Mutations

You are immune to sickness and miasma.
Your stone body is resilient. (AC +8)
You are immune to poison.
You resist negative energy. (rN+)
You are resistant to electric shocks. (rElec)
You are resistant to unholy torment.
You are immune to petrification.


Message History

The blast of rock fragments hits the yak.
The yak is lightly wounded.
The blast of rock fragments hits the yak!!
You kill the yak!
Vehumet accepts your kill.
You hear a bellow! x3; You hear a trumpeting!
You hear a shout!
You hear a trumpeting! x3; You hear a loud, deep croak!
The cane toad stings you. The yak barely misses you.
The yak attacks as you move away! The yak misses you.
The yak attacks as you move away! The yak gores you.
The cane toad attacks as you move away! The cane toad closely misses you.
Found a robe.
Found an escape hatch in the floor.
The cane toad stings you.
A bullfrog comes into view.
The cane toad attacks as you move away! The cane toad stings you. x2
There is a stone staircase leading up here.
The cane toad stings you!
* * * LOW HITPOINT WARNING * * *
You climb upwards.
Level annotation: 1 transporter, Qylualu's ghost, journeyman MiBe
There is a stone staircase leading down here.
Casting: Lee's Rapid Deconstruction (dangerous; 1% risk of failure)
Confirm with . or Enter, or press ? or * to list all spells.
Aiming: Stone Arrow (safe; 1% risk of failure)
Press: ? - help, Shift-Dir - straight line, f - cane toad
Aim: a cane toad (81% to hit)
The stone arrow hits the cane toad!!
The cane toad is heavily wounded.
The cane toad stings you!
* * * LOW HITPOINT WARNING * * *
Unknown command.
Casting: Stone Arrow (safe; 1% risk of failure)
Confirm with . or Enter, or press ? or * to list all spells.
Aiming: Stone Arrow (safe; 1% risk of failure)
Press: ? - help, Shift-Dir - straight line, f/p - cane toad
Aim: a cane toad (heavily wounded, 81% to hit)
The stone arrow hits the cane toad!
The cane toad is severely wounded.
The cane toad stings you!
You die...

#### ##### ####
######.P#######P#.#########..###
..............).F..............#
................@..............#
#'###..#.##.#.P#...............#
#.# #.>.........#....###.#.##..#
#.# #..#....................#..##
..# #...........#....#..........#
..# #..#........#...........#..##
..###.).........#....#......#..##
...##..P.#####.#.....#..........#
#####................#......+..##


You could see a cane toad.

Vanquished Creatures
  An elephant (D:8)
  Joseph (Lair:1)
  A black mamba (Lair:1)
  2 cane toads (Lair:1)
  2 komodo dragons
  3 wyverns
  A basilisk (D:8)
  16 yaks
  A steam dragon (D:7)
  Menkaure (D:4)
  5 water moccasins
  An orc warrior (D:8)
  5 ice beasts
  2 black bears
  2 ogres (D:5)
  A sky beast (D:8)
  A phantom (D:4)
  A kobold brigand (D:8)
  6 bullfrogs
  2 necrophages
  4 wights
  4 howler monkeys
  2 hounds
  A gnoll bouda (D:7)
  An orc priest (D:8)
  A jelly (D:5)
  Natasha (thrice) (D:2)
  6 orc wizards
  3 hell rats (Lair:1)
  5 iguanas
  Robin (D:4)
  15 gnolls
  12 adders
  7 river rats (Lair:1)
  2 white imps
  An ufetubus (D:5)
  2 worms
  2 dart slugs (D:2)
  37 orcs
  9 ball pythons
  7 endoplasms
  5 giant cockroaches
  32 goblins
  10 hobgoblins
  3 quokkas
  7 bats
  6 frilled lizards
  22 kobolds
  10 rats
275 creatures vanquished.

Vanquished Creatures (others)
  A fulminant prism (Lair:2)
  8 fungi
  15 plants
24 creatures vanquished.

Grand Total: 299 creatures vanquished

Notes
Turn   | Place    | Note
-------+----------+-------------------------------------------
     0 | D:1      | ders the Gargoyle Earth Elementalist began the quest for
                  | the Orb.
     0 | D:1      | Reached XP level 1. HP: 10/10 MP: 3/3
   233 | D:1      | Reached skill level 1 in Conjurations
   233 | D:1      | Reached skill level 1 in Transmutations
   233 | D:1      | Reached XP level 2. HP: 15/15 MP: 0/5
   528 | D:1      | You fall into a shaft and drop 1 floor!
   681 | D:2      | Reached XP level 3. HP: 16/19 MP: 4/6
   722 | D:2      | Reached skill level 2 in Conjurations
   837 | D:2      | Reached XP level 4. HP: 24/24 MP: 5/7
   898 | D:2      | Noticed Natasha
   902 | D:2      | Killed Natasha
   945 | D:2      | Noticed Natasha
   950 | D:2      | Killed Natasha
  1021 | D:2      | Reached XP level 5. HP: 28/28 MP: 6/9
  1025 | D:2      | Reached skill level 3 in Conjurations
  1029 | D:2      | Learned a level 3 spell: Stone Arrow
  1037 | D:2      | Learned a level 2 spell: Passwall
  1284 | D:2      | Noticed Natasha
  1289 | D:2      | Killed Natasha
  1608 | D:3      | Found Xoudi's Antique Armour Shoppe.
  1623 | D:3      | Reached XP level 6. HP: 32/32 MP: 10/10
  1859 | D:3      | Reached skill level 4 in Conjurations
  1941 | D:3      | Found a runed translucent gate.
  1942 | D:3      | Found a runed translucent gate.
  1943 | D:3      | Found a runed translucent gate.
  1946 | D:3      | Noticed jimonade's ghost (amateur OgVM)
  2036 | D:3      | Found a faded altar of an unknown god.
  2199 | D:3      | Found an iron altar of Okawaru.
  2373 | D:3      | Reached skill level 5 in Earth Magic
  2630 | D:4      | Reached XP level 7. HP: 36/36 MP: 10/12
  2711 | D:4      | Learned a level 2 spell: Blink
  2907 | D:4      | Noticed Menkaure
  2911 | D:4      | Killed Menkaure
  2912 | D:4      | Reached skill level 5 in Conjurations
  3348 | D:4      | Noticed Eustachio
  3440 | D:4      | Noticed Robin
  3447 | D:4      | Killed Robin
  3771 | D:5      | Entered Level 5 of the Dungeon
  3829 | D:5      | Reached XP level 8. HP: 41/41 MP: 11/14
  3892 | D:5      | Reached skill level 6 in Conjurations
  5051 | D:6      | Found a staircase to the Ecumenical Temple.
  5064 | Temple   | Entered the Ecumenical Temple
  5067 | Temple   | Reached skill level 7 in Conjurations
  5117 | Temple   | Became a worshipper of Vehumet
  5548 | D:6      | Reached XP level 9. HP: 45/45 MP: 3/16
  5668 | D:6      | Reached skill level 5 in Spellcasting
  5908 | D:7      | Reached skill level 8 in Conjurations
  6111 | D:7      | Found Diffag's Lightly-Used Armoury.
  6209 | D:7      | Found an ancient bone altar of Kikubaaqudgha.
  6501 | D:7      | Reached * piety under Vehumet
  6501 | D:7      | Offered knowledge of Foxfire by Vehumet.
  6507 | D:7      | Learned a level 4 spell: Olgreb's Toxic Radiance
  6668 | D:7      | Identified the +6 ring mail "Lutam" {rPois Int+2}
  6894 | D:7      | Found a blossoming altar of Fedhas.
  6908 | D:7      | Noticed an oklob plant
  7260 | D:8      | Reached skill level 1 in Poison Magic
  7419 | D:8      | Found Afuank's Antique Weapon Shoppe.
  7456 | D:8      | Found Zuntuuc's Weapon Shop.
  7457 | D:8      | Found a staircase to the Lair.
  7462 | D:8      | Reached skill level 9 in Conjurations
  7639 | D:8      | Reached XP level 10. HP: 50/50 MP: 13/18
  8195 | D:8      | Reached skill level 10 in Conjurations
  8518 | D:8      | Found Heshruic's Armour Boutique.
  8722 | D:8      | Found Vogid's Jewellery Shoppe.
  8836 | Lair:1   | Entered Level 1 of the Lair of Beasts
  8891 | Lair:1   | Noticed a black mamba
  8897 | Lair:1   | Killed a black mamba
  9054 | Lair:1   | Noticed a cane toad
  9158 | Lair:1   | Killed a cane toad
  9158 | Lair:1   | Reached ** piety under Vehumet
  9233 | Lair:1   | Noticed Joseph
  9237 | Lair:1   | Offered knowledge of Kiss of Death by Vehumet.
  9391 | Lair:1   | Reached skill level 11 in Conjurations
  9648 | Lair:1   | Noticed an elephant
  9692 | D:8      | Killed an elephant
  9693 | D:8      | Reached XP level 11. HP: 5/54 MP: 7/21
  9876 | Lair:1   | Killed Joseph
 10012 | Lair:1   | Found a transporter.
 10018 | Lair:1   | Noticed Qylualu's ghost (journeyman MiBe)
 10193 | Lair:1   | Found a transporter.
 10335 | Lair:1   | Offered knowledge of Scorch by Vehumet.
 10336 | Lair:1   | Reached skill level 5 in Poison Magic
 10685 | Lair:2   | Learned a level 5 spell: Lee's Rapid Deconstruction
 10690 | Lair:2   | Learned a level 4 spell: Fulminant Prism
 10749 | Lair:2   | Reached skill level 12 in Conjurations
 10749 | Lair:2   | Reached skill level 10 in Earth Magic
 10811 | Lair:1   | Slain by a cane toad

Illustrated notes

Levels and vault maps discovered:
D:1:      lightli_arrival_lavapool, layout_rooms
D:2:      layout_loops_cross, kennysheep_pointless_box, st_stairs_14,
          nicolae_elevator_lobby_plus, uniq_natasha
D:3:      layout_loops_ring, okawaru_altar_gauntlet_db,
          gammafunk_ghost_nasty_kobolds, serial_shops, shop,
          hellmonk_ecumenical_altar_inner_sanctum, serial_park_tiny_2,
          minmay_pentomino_pile
D:4:      layout_basic, chequers_arboretum, uniq_robin, uniq_menkaure,
          uniq_eustachio
D:5:      corexii_shantytown, layout_basic, nrook_pool_corridor,
          nicolae_concentric_dashed_squares_wild, minmay_crystal_water
D:6:      layout_rooms, minmay_temple_entry_glass, minmay_misc_feat_columns,
          glass_columns_c
D:7:      layout_loops_ring, mainiacjoe_overflow_six_doors_small, tgw_fedhas,
          enter_bailey_5, minmay_shop_damaged, kennysheep_nub
D:8:      layout_basic, david_lair_generic, serial_shops,
          nicolae_lakefront_shop, nicolae_shop_window_shopping,
          nicolae_shop_bloodbath_and_beyond, shop
Temple:   nicolae_temple_bog_church
Lair:1:   layout_regular_city, gammafunk_ghost_arena,
          kennysheep_abandoned_house, uniq_joseph
Lair:2:   layout_regular_city, grunt_megastairs_5, uniq_amaemon

Skill      XL: |  1  2  3  4  5  6  7  8  9 10 11 |
---------------+----------------------------------+-----
Conjurations   | 1 2 3 4 5 7 9 11 12 | 12.0
Transmutations | 1 2 3 4 |  4.5
Earth Magic    | 4 5 6 8 9 10 | 10.0
Spellcasting   | 3 4 5 7 |  7.4
Poison Magic   | 2 4 5 |  5.3
Dodging        | |  1.5
Stealth        | |  2.1

Action                     |  1- 3 |  4- 6 |  7- 9 | 10-12 || total
---------------------------+-------+-------+-------+-------++-------
  Melee: Unarmed           |     8 |     4 |     1 |       ||    13
         Whip              |       |       |    10 |     1 ||    11
   Cast: Sandblast         |    37 |   100 |   170 |    18 ||   325
         Stone Arrow       |       |       |    69 |   109 ||   178
         Blink             |       |       |     1 |       ||     1
         Olgreb's Toxic Ra |       |       |       |     7 ||     7
         Lee's Rapid Decon |       |       |       |     3 ||     3
         Fulminant Prism   |       |       |       |     1 ||     1
    Use: Scroll            |       |       |    13 |     5 ||    18
 Armour: Robe              |     8 |    24 |    76 |    41 ||   149
  Dodge: Dodged            |    10 |    41 |    98 |    56 ||   205

Table legend: (Time is in decaauts)
 A = Elapsed time spent in this place.
 B = Non-inter-level travel time spent in this place.
 C = Inter-level travel time spent in this place.
 D = Time resting spent in this place.
 E = Time spent auto-exploring this place.
 F = Levels seen in this place.
 G = Mean time per level.
                   A        B        C        D        E       F      G
               +--------+--------+--------+--------+--------+-----+--------+
         Total |  10987 |  10563 |    424 |   1952 |   7086 |  11 |  998.8 |
       Dungeon |   9597 |   9219 |    378 |   1748 |   6234 |   8 | 1199.6 |
        Temple |     73 |     59 |     14 |      0 |     35 |   1 |   73.0 |
          Lair |   1316 |   1284 |     32 |    204 |    816 |   2 |  658.0 |
               +--------+--------+--------+--------+--------+-----+--------+

Top non-repeatable levels by time:
     D:8: 2266 daAuts
     D:7: 1446 daAuts
     D:4: 1342 daAuts
     D:5: 1314 daAuts
  Lair:1: 1077 daAuts
     D:3: 1034 daAuts
     D:2: 883 daAuts
     D:6: 705 daAuts
     D:1: 604 daAuts
  Lair:2: 238 daAuts
  Temple: 73 daAuts
